Map: Eternal Empire LE

Players

Munte - Winner!

  • Race: Zerg Zerg
  • Spawn Location: 1:00

llllllllllll

  • Race: Terran Terran
  • Spawn Location: 7:00

VOD

Have the link to the VOD?

Description

Time

  • Played on: Sept. 19, 2020, 3:10 a.m.
  • Length: 23:35
Show
View Real Time Build Order
Export as new Build Order

Munte Zerg - Winner!

Build Orders: Hatch First 

Get SALT Encoding   

  12  0:01  Drone  
  13  0:12  Overlord  
  13  0:16  Drone  
  14  0:30  Drone  
  14  0:31  Drone  
  16  0:50  Hatchery  
  16  0:53  Drone  
  16  1:00  Drone  
  16  1:02  Drone  
  18  1:15  Extractor  
  18  1:17  Spawning Pool  
  16  1:20  Drone  
  16  1:24  Drone  
  18  1:28  Drone  
  19  1:41  Drone  
  20  1:50  Drone  
  21  2:04  Queen x2  
  21  2:05  Zergling x4  
  27  2:13  Overlord  
  27  2:18  Metabolic Boost  
  27  2:20  Drone  
  28  2:32  Drone x3  
  28  2:35  Drone  
  32  2:39  Queen  
  34  2:46  Queen  
  36  2:52  Overlord  
  36  2:57  Overlord  
  36  3:17  Drone x2  
  38  3:22  Hatchery  
  38  3:26  Drone x4  
  41  3:38  Lair  
  41  3:41  Drone x3  
  41  3:42  Drone  
  45  3:54  Overlord  
  45  3:55  Zergling x6  
  47  3:56  Zergling x4  
  47  3:58  Zergling x2  
  51  4:11  Queen  
  53  4:25  Drone x4  
  53  4:29  Overlord  
  57  4:37  Roach Warren  
  56  4:39  Evolution Chamber, Extractor  
  56  4:40  Extractor  
  56  4:43  Evolution Chamber  
  52  4:55  Queen  
  52  4:57  Zergling x16  
  52  4:58  Zergling x4  
  57  5:31  Drone  
  57  5:32  Drone x2  
  57  5:33  Drone x3, Glial Reconstitution  
  57  5:35  Zerg Missile Weapons Level 1, Zerg Ground Armor Level 1  
  63  5:40  Baneling Nest  
  62  5:45  Drone x3, Extractor  
  62  5:46  Drone  
  62  5:49  Drone x2  
  67  5:59  Overlord  
  67  6:00  Overlord  
  67  6:05  Overlord  
  67  6:06  Overlord  
  67  6:16  Infestation Pit  
  66  6:21  Evolution Chamber, Drone x2  
  66  6:23  Roach x8  
  83  6:25  Hatchery  
  80  6:51  Spore Crawler  
  76  7:07  Spore Crawler  
  76  7:08  Spore Crawler  
  69  7:26  Roach x10  
  89  7:30  Overlord  
  89  7:37  Queen  
  89  7:39  Queen  
  86  8:05  Drone x5  
  84  8:36  Drone x3  
  84  8:37  Drone x3  
  84  8:38  Overlord  
  88  8:47  Roach  
  88  8:48  Roach x3  
  78  9:18  Roach x6  
  78  9:19  Roach x8  
  99  9:35  Roach  
  99  9:36  Roach  
  99  9:38  Overlord  
  101  9:39  Drone  
  101  9:40  Drone x2  
  92  10:02  Overlord  
  92  10:04  Roach  
  92  10:05  Roach x9  
  108  10:18  Spire  
  107  10:22  Roach  
  107  10:23  Roach x3  
  113  10:30  Spore Crawler  
  102  10:43  Extractor  
  102  10:45  Extractor  
  102  10:46  Drone x3  
  102  10:47  Drone x3  
  106  10:54  Zerg Missile Weapons Level 2  
  106  10:57  Drone x3  
  106  10:58  Drone x2  
  111  11:11  Pneumatized Carapace  
  111  11:12  Nydus Network  
  110  11:21  Overlord  
  110  11:26  Spine Crawler, Spore Crawler  
  110  11:29  Spore Crawler  
  107  11:45  Zerg Ground Armor Level 2  
  107  11:47  Zerg Melee Weapons Level 1  
  103  11:56  Roach x2  
  103  11:57  Roach x4  
  115  12:03  Drone x2  
  115  12:08  Overlord  
  117  12:21  Drone x5  
  117  12:22  Overlord  
  122  12:42  Nydus Canal  
  122  12:45  Roach  
  122  12:46  Roach x6  
  136  13:05  Roach x4  
  106  13:25  Roach  
  106  13:26  Roach x11  
  106  13:41  Roach x5  
  108  13:48  Hive  
  106  13:52  Centrifical Hooks  
  98  13:56  Zerg Melee Weapons Level 2  
  99  14:02  Ravager  
  99  14:03  Ravager x6  
  99  14:04  Ravager  
  106  14:14  Ravager x5  
  106  14:15  Ravager x4  
  115  14:19  Drone x5  
  120  14:35  Zergling x2  
  120  14:36  Zergling x14  
  120  14:37  Overlord  
  128  14:39  Overlord  
  128  14:49  Overlord  
  128  14:58  Zergling x2  
  128  14:59  Zergling x22  
  140  15:17  Drone x6  
  140  15:18  Overlord  
  140  15:19  Overlord  
  146  15:30  Hatchery, Ultralisk Cavern  
  144  15:36  Adrenal Glands  
  144  15:42  Zerg Ground Armor Level 3  
  144  15:48  Baneling  
  144  15:49  Baneling x13  
  144  15:55  Overseer  
  144  16:02  Overlord  
  144  16:10  Zerg Missile Weapons Level 3  
  144  16:17  Spine Crawler  
  142  16:22  Ultralisk x2, Chitinous Plating  
  154  16:31  Unknown, Drone x3  
  156  16:34  Drone x3  
  156  16:35  Drone  
  159  16:51  Spore Crawler  
  158  16:54  Spine Crawler  
  157  17:02  Spore Crawler  
  156  17:10  Corruptor x5  
  156  17:11  Corruptor  
  167  17:22  Ultralisk  
  172  17:24  Corruptor  
  168  17:38  Corruptor x2  
  168  17:39  Corruptor  
  168  17:41  Overlord, Zerg Flyer Weapons Level 1, Anabolic Synthesis  
  168  17:42  Overlord  
  174  17:47  Zerg Melee Weapons Level 3  
  166  18:04  Zergling x2  
  166  18:05  Zergling x26  
  160  18:15  Zergling x2  
  160  18:16  Zergling x14  
  158  18:31  Ultralisk x2  
  170  18:48  Ultralisk x2  
  180  19:02  Overlord x3  
  180  19:08  Spore Crawler  
  171  19:14  Baneling  
  171  19:15  Baneling x21  
  171  19:16  Baneling  
  171  19:23  Zergling x2  
  172  19:24  Zergling x16  
  180  19:35  Zergling x2  
  180  19:36  Zergling x16  
  189  19:51  Zergling x2  
  189  19:52  Zergling x20  
  174  20:14  Hatchery  
  158  20:26  Zergling x18  
  158  20:27  Zergling x18  
  138  20:49  Zergling x2  
  132  20:50  Zergling x24  
  132  21:06  Drone x2  
  132  21:07  Drone x2  
  136  21:18  Ultralisk x3  
  154  21:29  Roach  
  154  21:30  Roach x6  
  169  21:54  Zergling x14  
  169  21:55  Zergling x6  
  178  22:10  Ravager  
  178  22:11  Ravager x6  
  185  22:15  Extractor  
  185  22:19  Ultralisk  
  185  22:20  Ultralisk, Extractor  
  185  22:21  Spore Crawler  
  185  22:22  Zergling x10  
  199  22:25  Baneling x13  
  199  22:26  Baneling x5  
Show
View Real Time Build Order
Export as new Build Order

llllllllllll Terran 

Build Orders:  

Get SALT Encoding   

  12  0:02  SCV  
  14  0:14  SCV  
  14  0:17  Supply Depot  
  14  0:26  SCV  
  15  0:39  SCV  
  15  0:40  Barracks  
  16  0:44  Refinery  
  16  0:51  SCV  
  17  1:03  SCV  
  18  1:15  SCV  
  19  1:27  Barracks Reactor  
  19  1:28  Orbital Command  
  19  1:40  Command Center  
  19  1:49  Supply Depot  
  19  1:54  SCV  
  20  2:03  Marine x2  
  20  2:06  SCV  
  23  2:13  Factory  
  23  2:18  SCV  
  23  2:21  Marine x2  
  26  2:24  Refinery  
  26  2:30  SCV  
  27  2:40  Marine x2  
  27  2:42  SCV  
  30  2:52  Orbital Command  
  30  2:54  SCV  
  30  2:58  Marine x2  
  31  3:04  Factory Reactor, Starport  
  33  3:07  SCV  
  34  3:15  Supply Depot  
  34  3:16  Marine x2  
  36  3:24  SCV  
  36  3:25  SCV  
  38  3:34  Marine x2  
  38  3:36  SCV  
  38  3:37  SCV, Supply Depot  
  42  3:48  Medivac x2  
  44  3:49  SCV x2  
  44  3:51  Marine  
  44  3:52  Marine, Widow Mine  
  52  4:01  SCV x2  
  54  4:15  Fusion Core  
  54  4:21  Command Center  
  54  4:29  SCV  
  54  4:30  SCV  
  56  4:37  Hellion x2, Starport Tech Lab  
  60  4:42  SCV x2  
  62  4:50  Supply Depot  
  62  5:06  SCV  
  61  5:12  Hellion x2  
  63  5:25  Battlecruiser, SCV x2  
  68  5:32  Refinery x2  
  68  5:33  Engineering Bay  
  68  5:34  Engineering Bay  
  68  5:35  Supply Depot, Orbital Command  
  68  5:37  SCV x2  
  68  5:39  Supply Depot  
  68  5:42  Hellion x2  
  74  5:49  SCV x2  
  76  5:53  Supply Depot  
  76  6:01  SCV x2, Barracks Tech Lab  
  78  6:06  Barracks  
  78  6:07  Orbital Command  
  78  6:10  Barracks  
  78  6:19  Supply Depot  
  78  6:21  Supply Depot x2  
  78  6:25  SCV x2  
  80  6:27  Stimpack  
  80  6:37  SCV x2  
  82  6:42  SCV  
  82  6:44  Terran Infantry Weapons Level 1, Terran Infantry Armor Level 1  
  83  6:47  Supply Depot  
  83  6:48  Supply Depot  
  83  6:49  SCV  
  84  6:58  Marine x2  
  84  7:03  SCV x2  
  84  7:06  Barracks  
  76  7:10  Barracks  
  76  7:34  SCV x2, Marine x3  
  81  7:39  SCV  
  81  7:41  Marine x2  
  84  7:46  SCV x2, Starport Reactor  
  87  7:51  SCV  
  87  7:52  Marine x3  
  87  7:58  SCV x2  
  92  7:59  Marine x2  
  91  8:18  Marine x4  
  91  8:19  Barracks Reactor x2  
  90  8:27  Marine  
  90  8:28  SCV, Medivac, Siege Tank  
  90  8:29  SCV  
  90  8:33  Orbital Command  
  87  8:36  Marine x4  
  87  8:41  SCV x2  
  79  8:45  Marine  
  79  8:48  Armory  
  76  8:53  Marine x2  
  76  8:54  Marine x2  
  75  9:00  Siege Tank  
  75  9:02  Marine  
  64  9:11  Marine x3  
  52  9:27  Marine x6  
  52  9:29  SCV x3, Marine x3  
  56  9:41  SCV x3  
  56  9:44  Hellion  
  56  9:45  Marine  
  57  9:48  Marine x6  
  57  9:49  Marine x2  
  57  9:50  Medivac x2  
  67  9:53  SCV x3  
  67  9:55  Terran Infantry Weapons Level 2  
  69  10:03  Marine  
  69  10:05  SCV x2, Hellion  
  69  10:06  Marine x8  
  77  10:14  Terran Vehicle Weapons Level 1  
  77  10:16  Orbital Command  
  77  10:20  Marine  
  76  10:23  Marine  
  76  10:26  Hellion  
  75  10:30  Combat Shield  
  73  10:37  Marine x7  
  79  10:47  Siege Tank  
  75  10:56  SCV x2  
  77  11:01  Orbital Command  
  77  11:07  Refinery, Marine x3  
  80  11:20  Siege Tank  
  83  11:27  Marine x5  
  83  11:28  SCV  
  83  11:30  Bunker  
  83  11:31  SCV  
  90  11:33  Marine  
  90  11:39  Terran Infantry Armor Level 2  
  91  11:44  SCV x2  
  93  11:52  Siege Tank  
  92  11:56  SCV x2  
  93  12:02  SCV  
  93  12:08  SCV, Marine x4  
  98  12:09  SCV  
  98  12:12  Command Center  
  98  12:14  SCV  
  101  12:20  SCV  
  101  12:21  SCV  
  103  12:26  SCV  
  104  12:33  SCV  
  105  12:38  SCV x2, Marine  
  105  12:39  Marine  
  109  12:46  Supply Depot  
  109  12:47  Terran Infantry Weapons Level 3  
  109  12:48  Command Center  
  109  13:01  Marine  
  109  13:02  SCV  
  109  13:03  Marine  
  109  13:05  Marine x3  
  109  13:06  Marine x2  
  109  13:07  Orbital Command  
  90  13:15  Marine x2  
  90  13:18  Marine  
  81  13:21  Marine  
  81  13:23  Marine x3  
  81  13:24  Marine  
  81  13:26  Marine  
  81  13:27  SCV x2  
  87  13:33  Marine x2  
  89  13:36  Marine  
  89  13:39  SCV x2, Marine  
  89  13:41  Marine x4  
  88  13:44  SCV, Marine  
  94  13:51  SCV x2, Marine x2  
  94  13:54  Marine  
  97  13:56  SCV  
  98  14:03  SCV x2  
  98  14:07  Planetary Fortress  
  98  14:08  SCV, Marine x3  
  104  14:12  Command Center  
  104  14:14  Refinery  
  104  14:15  SCV x2, Factory  
  106  14:18  Supply Depot  
  106  14:20  SCV, Supply Depot  
  107  14:25  Refinery  
  107  14:26  Marine x7  
  107  14:27  SCV, Refinery  
  115  14:37  Marine  
  116  14:40  SCV x3, Marine  
  116  14:42  Supply Depot, Terran Vehicle Weapons Level 2  
  116  14:44  Marine x2  
  122  14:47  Marine x2  
  122  14:48  Marine x3  
  122  14:52  SCV x3  
  130  14:56  Barracks  
  130  14:57  Barracks  
  130  14:58  Barracks  
  130  15:01  SCV  
  130  15:04  SCV  
  122  15:15  Siege Tank  
  122  15:17  Factory Tech Lab  
  125  15:22  SCV x4  
  129  15:30  Liberator  
  129  15:31  Liberator  
  129  15:34  SCV x2  
  129  15:35  Supply Depot  
  137  15:41  Supply Depot  
  137  15:46  Sensor Tower  
  137  15:47  Siege Tank  
  140  15:53  Siege Tank  
  143  16:06  Refinery  
  143  16:07  Supply Depot, Refinery  
  143  16:08  Barracks Tech Lab x2  
  143  16:09  Ghost Academy, Barracks Tech Lab  
  143  16:10  Supply Depot  
  143  16:11  Planetary Fortress  
  143  16:19  Siege Tank  
  146  16:29  Marauder x4  
  146  16:30  Terran Infantry Armor Level 3  
  146  16:32  Missile Turret  
  154  16:40  Sensor Tower  
  154  16:42  Missile Turret  
  154  16:45  Bunker  
  154  16:49  Medivac x2  
  154  16:50  Marauder, Siege Tank  
  163  16:57  Supply Depot  
  163  17:00  Supply Depot, Command Center  
  163  17:10  Marauder  
  163  17:11  Marauder x2  
  163  17:12  Marauder, Neosteel Armor  
  163  17:15  Supply Depot  
  168  17:19  Viking  
  167  17:24  Marine x5  
  167  17:25  Marine x2  
  173  17:32  Marauder x3  
  173  17:33  Marauder  
  173  17:34  Marine  
  176  17:38  SCV x3  
  176  17:42  Marine x3  
  182  17:46  Medivac, Missile Turret  
  182  17:47  Missile Turret  
  184  17:52  Ghost  
  184  17:53  Marauder x2  
  158  18:08  Marine x3  
  158  18:09  Marauder  
  154  18:15  Marauder x2  
  154  18:16  Planetary Fortress  
  154  18:18  Unknown  
  156  18:21  Ghost  
  156  18:25  Marine x3  
  156  18:26  Marine x2  
  142  18:28  Marine x2  
  142  18:29  Ghost  
  142  18:33  Marine  
  146  18:36  Marauder x2  
  146  18:37  SCV x3  
  153  18:43  Marine  
  154  18:50  Marauder  
  154  18:52  Hi-Sec Auto Tracking  
  156  18:56  Viking x2  
  156  18:57  Thor  
  166  19:05  Personal Cloaking  
  165  19:10  Marine x3  
  165  19:11  Marauder x2  
  172  19:18  Supply Depot  
  172  19:30  Command Center  
  172  19:31  Marauder  
  172  19:32  Marauder x2  
  178  19:43  Marauder  
  178  19:45  Siege Tank x2  
  186  19:52  Ghost  
  186  19:53  Marauder  
  190  20:00  Bunker, Sensor Tower  
  190  20:04  Command Center  
  190  20:05  Terran Vehicle Weapons Level 3  
  166  20:19  Marine x2  
  166  20:20  Marauder x3, Marine x2  
  135  20:22  Marauder  
  135  20:24  Marine x2  
  135  20:26  Marine  
  118  20:31  Nuke  
  118  20:33  Marine  
  109  20:37  Marine  
  109  20:38  Marine x2  
  109  20:39  Marine  
  109  20:41  Marauder x2  
  102  20:44  Marine x2  
  102  20:47  Marine x2  
  90  20:50  Marine  
  90  20:51  Marine  
  83  20:58  Marine x2  
  83  21:02  Marine x2  
  87  21:09  Medivac  
  89  21:13  Medivac  
  90  21:31  Marine  
  90  21:32  Marauder x2, Marine x2  
  97  21:34  SCV  
  98  21:46  Marine x3  
  98  21:47  Marauder x2, Marine  
  105  21:54  Marauder  
  108  22:05  Ghost  
  108  22:07  Ghost  
  112  22:09  Medivac  
  112  22:14  Medivac  
  116  22:24  Orbital Command  
  116  22:44  Ghost x3  
  117  23:12  Marine  
  117  23:13  Marauder x3, Marine x4  
  117  23:14  Marauder  
Tags
 
Add a new tag
Caveats
  • Supply blocks, unpowered buildings, or Contaminate may cause inaccurate times.
  • Supply counts are checked every 10 seconds.